 Dungeon Crawl Stone Soup version 0.31-a0-128-g25add195a6 (webtiles) character file.

Game seed: 5208576489376330640

3341 lunkers the Slicer (level 9, -1/74 HPs)
             Began as a Demigod Fighter on May 30, 2023.
             Slain by a two-headed ogre
             ... wielding a +0 giant club
              (5 damage)
             ... on level 7 of the Dungeon on June 1, 2023.
             The game lasted 00:15:03 (5539 turns).

lunkers the Slicer (Demigod Fighter)                Turns: 5539, Time: 00:15:04

Health: -1/74      AC: 23    Str: 17    XL:     9   Next: 44%
Magic:  11/11      EV: 12    Int: 17    God:
Gold:   357        SH:  6    Dex: 25    Spells: 8/8 levels left

rFire   + . .        a - +2 dagger (elec)
rCold   + . .        c - +0 buckler
rNeg    . . .        v - +6 scale mail of Repulsion {Int+7}
rPois   .            n - +0 helmet
rElec   .            x - scarf {rC+ rF+}
rCorr   .            r - +2 pair of gloves
SInv    .            m - +0 pair of boots
Will    .....        (no amulet)
Stlth   +            f - +4 ring of protection
HPRegen 0.32/turn    (no ring)
MPRegen 0.12/turn

%: no passive effects
@: no status effects
A: high MP 1, forlorn, divine attributes
a: no special abilities


You were on level 7 of the Dungeon.
You visited 1 branch of the dungeon, and saw 7 of its levels.

You collected 357 gold pieces.

Inventory:

Hand Weapons
 a - a +2 dagger of electrocution (weapon)
 b - a +5 rapier of protection
 h - a +3 dagger of freezing
 l - a +1 dagger of pain
 w - a +3 flail of draining
Missiles
 k - a curare-tipped dart
 C - a throwing net
Armour
 c - a +0 buckler (worn)
 m - a +0 pair of boots (worn)
 n - a +0 helmet (worn)
 r - a +2 pair of gloves (worn)
 v - the +6 scale mail of Repulsion (worn) {Int+7}
   (You found it on level 4 of the Dungeon)

   Int:       It affects your intelligence (+7).
 x - a scarf of resistance (worn)
Jewellery
 f - a +4 ring of protection (left hand)
 D - a ring of fire
Wands
 e - a wand of mindburst (10)
 g - a wand of roots (12)
Scrolls
 p - a scroll of amnesia {unknown}
 q - 3 scrolls of teleportation
 y - a scroll of enchant weapon
Potions
 d - a potion of might
 i - a potion of ambrosia
 j - 2 potions of curing
 o - a potion of degeneration {unknown}
 s - a potion of enlightenment
 t - 2 potions of heal wounds {unknown}
 u - a potion of brilliance {unknown}
 z - a potion of magic {unknown}
 B - 2 potions of mutation {unknown}
 E - a potion of cancellation {unknown}


   Skills:
 + Level 5.1 Fighting
 + Level 9.6(9.9) Short Blades
 - Level 3.4(7.0) Long Blades
 + Level 5.1 Armour
 + Level 4.1 Dodging
 - Level 2.6 Shields


You had 8 spell levels left.
You didn't know any spells.
Your spell library contained the following spells:

 Spells                   Type           Power      Damage    Failure   Level
 Summon Small Mammal      Summ           0%         N/A       67%         1
 Ensorcelled Hibernation  Hex/Ice        0%         N/A       82%         2
 Call Canine Familiar     Summ           0%         N/A       96%         3
 Frozen Ramparts          Ice            0%         1d1       96%         3
 Inner Flame              Hex/Fire       0%         N/A       96%         3
 Spider Form              Tmut/Pois      0%         N/A       96%         3
 Summon Guardian Golem    Hex/Summ       0%         N/A       96%         3
 Anguish                  Hex/Necr       0%         N/A       100%        4
 Flame Wave               Conj/Fire      0%         2d4       100%        4
 Ice Form                 Ice/Tmut       0%         N/A       100%        4
 Sticky Flame             Conj/Fire      0%         2d3       100%        4
 Summon Ice Beast         Ice/Summ       0%         N/A       100%        4
 Yara's Violent Unravell  Hex/Tmut       0%         3d3       100%        5
 Enfeeble                 Hex            0%         N/A       100%        7


Dungeon Overview and Level Annotations

Branches:
Dungeon (7/15)
 Temple: D:4-7

Shops:
D:4 :   D:6 !


Innate Abilities, Weirdness & Mutations

You have an increased reservoir of magic. (+10% MP)
You shall have no god before yourself.
Your divine heritage dramatically boosts your attributes as you level up.


Message History

You hit the two-headed ogre.
The two-headed ogre is moderately wounded.
You barely miss the two-headed ogre.
The two-headed ogre is moderately wounded.
You hit the two-headed ogre but do no damage.
The two-headed ogre is moderately wounded.
The two-headed ogre closely misses you. The two-headed ogre barely misses you.
You hit the two-headed ogre but do no damage.
The two-headed ogre is moderately wounded.
You hit the two-headed ogre.
The two-headed ogre is moderately wounded.
You hit the two-headed ogre.
The two-headed ogre is moderately wounded.
The two-headed ogre barely misses you. The two-headed ogre closely misses you.
You closely miss the two-headed ogre.
The two-headed ogre is moderately wounded.
You closely miss the two-headed ogre.
The two-headed ogre is moderately wounded.
The two-headed ogre hits you with a +0 giant club!!
* * * LOW HITPOINT WARNING * * *
The two-headed ogre hits you with a +0 giant club!
* * * LOW HITPOINT WARNING * * *
You hit the two-headed ogre.
The two-headed ogre is heavily wounded.
You hit the two-headed ogre but do no damage.
The two-headed ogre is heavily wounded.
You hit the two-headed ogre.
Lightning courses through the two-headed ogre!!
The two-headed ogre is almost dead.
The two-headed ogre closely misses you. You block the two-headed ogre's attack.
You hit the two-headed ogre.
The two-headed ogre is almost dead.
You hit the two-headed ogre.
The two-headed ogre is almost dead.
You hit the two-headed ogre but do no damage.
The two-headed ogre is almost dead.
The two-headed ogre hits you with a +0 giant club!!
* * * LOW HITPOINT WARNING * * *
The two-headed ogre hits you with a +0 giant club.
You die...

#.### #...#
###############.#
#...............#
#.###############
#.# #.# #.# #@#
#O# ..# .#.#
#.... # #.# ...
###


You could see a two-headed ogre.

Vanquished Creatures
  A two-headed ogre (D:5)
  Sigmund (D:5)
  Eustachio (D:6)
  Edmund (D:5)
  An acid dragon (D:7)
  An orc warrior (D:7)
  A sky beast (D:7)
  A kobold brigand (D:6)
  2 phantoms
  A bullfrog (D:7)
  2 gnoll sergeants
  6 scorpions
  5 wights (D:7)
  A howler monkey (D:7)
  2 jellies
  5 hounds
  4 orc priests
  Crazy Yiuf (D:5)
  A gnoll bouda (D:5)
  A sleepcap (D:6)
  Jessica (D:2)
  5 iguanas
  9 orc wizards
  8 gnolls
  8 adders
  2 white imps
  An ufetubus (D:6)
  3 worms
  2 dart slugs
  24 orcs
  14 endoplasms
  4 giant cockroaches
  10 goblins
  4 hobgoblins
  12 kobolds
  5 quokkas
  7 ball pythons
  4 bats
  9 rats
171 creatures vanquished.

Notes
Turn   | Place    | Note
-------+----------+-------------------------------------------
     0 | D:1      | lunkers the Demigod Fighter began the quest for the Orb.
     0 | D:1      | Reached XP level 1. HP: 18/18 MP: 3/3
    90 | D:1      | Reached XP level 2. HP: 25/25 MP: 4/4
   845 | D:2      | Reached XP level 3. HP: 30/30 MP: 5/5
   916 | D:2      | Noticed Jessica
   928 | D:2      | Killed Jessica
   929 | D:2      | Reached skill level 1 in Short Blades
  1173 | D:2      | Reached XP level 4. HP: 37/37 MP: 6/6
  1269 | D:2      | Reached skill level 2 in Short Blades
  1801 | D:3      | Reached skill level 3 in Short Blades
  1820 | D:3      | Reached XP level 5. HP: 22/42 MP: 7/7
  2199 | D:4      | Reached skill level 4 in Short Blades
  2552 | D:4      | Reached XP level 6. HP: 40/50 MP: 8/8
  2560 | D:4      | Reached skill level 5 in Short Blades
  2859 | D:4      | Found Porifog's Book Emporium.
  2893 | D:4      | Identified the +6 scale mail of Repulsion {Int+7}
  3169 | D:5      | Entered Level 5 of the Dungeon
  3184 | D:5      | Noticed a two-headed ogre
  3191 | D:5      | Noticed Sigmund
  3229 | D:5      | Killed a two-headed ogre
  3230 | D:5      | Reached skill level 7 in Short Blades
  3230 | D:5      | Reached XP level 7. HP: 54/56 MP: 9/9
  3233 | D:5      | Reached skill level 8 in Short Blades
  3241 | D:5      | Killed Sigmund
  3242 | D:5      | Reached XP level 8. HP: 62/62 MP: 10/10
  3366 | D:5      | Noticed Edmund
  3380 | D:5      | Reached skill level 1 in Dodging
  3391 | D:5      | Killed Edmund
  4221 | D:5      | Found a runed translucent door.
  4222 | D:5      | Noticed Crazy Yiuf
  4356 | D:5      | Killed Crazy Yiuf
  4357 | D:5      | Reached skill level 9 in Short Blades
  4439 | D:6      | Upgraded the game from 0.31-a0-117-g42d8f58691 to
                  | 0.31-a0-128-g25add195a6
  4518 | D:6      | Found Mijar's Distillery.
  4534 | D:6      | Noticed Eustachio
  4557 | D:6      | Killed Eustachio
  4811 | D:6      | Reached XP level 9. HP: 71/71 MP: 11/11
  5330 | D:7      | Reached skill level 5 in Fighting
  5330 | D:7      | Reached skill level 5 in Armour
  5512 | D:7      | Noticed a two-headed ogre
  5539 | D:7      | Slain by a two-headed ogre

Illustrated notes

Levels and vault maps discovered:
D:1:      arrival_zaba_pyramid, layout_loops_ring,
          dreamdust_ecumenical_altar_statues, minmay_tromino_v7
D:2:      layout_basic, basic_altar, corexii_corridor_pit,
          minmay_misc_feat_five, uniq_jessica
D:3:      layout_rooms, serial_glass, glass_columns_b, glass_columns_a,
          minmay_stone_trees_medium, hangedman_decor_points
D:4:      layout_loops_cross, serial_shops, nicolae_shop_rolling_square,
          serial_aquarium, aquarium_bridge_long_joined
          [aquarium_subvault_bridge, aquarium_subvault_bridge,
          aquarium_subvault_balcony, aquarium_subvault_bridge,
          aquarium_subvault_bridge, aquarium_subvault_bridge],
          aquarium_window_1, aquarium_window_1, aquarium_window_fake,
          aquarium_window_corridor_3, aquarium_view_4, aquarium_view_2e,
          aquarium_balcony_5b
D:5:      layout_rooms, fedhas_altar_2, uniq_sigmund, uniq_edmund,
          uniq_crazy_yiuf_cottage
D:6:      layout_cave_pools, serial_shops, nicolae_shop_window_shopping,
          feat_on_display, uniq_eustachio
D:7:      layout_basic, trog_book, minmay_temple_entry_junction_2,
          minmay_fractal_squares_diagonal_5

Skill      XL: |  1  2  3  4  5  6  7  8  9 |
---------------+----------------------------+-----
Long Blades    | 2 3 |  3.4
Short Blades   | 1 3 4 7 8 9 |  9.6
Dodging        | 3 4 |  4.1
Fighting       | 4 5 |  5.1
Armour         | 4 5 |  5.1
Shields        | |  2.6

Action                     |  1- 3 |  4- 6 |  7- 9 || total
---------------------------+-------+-------+-------++-------
  Melee: Long sword        |   101 |       |       ||   101
         Dagger            |    29 |   222 |   388 ||   639
    Use: Scroll            |       |     7 |     8 ||    15
         Potion            |       |     1 |       ||     1
 Armour: Scale mail        |    73 |   106 |   161 ||   340
  Dodge: Dodged            |    53 |    50 |   126 ||   229
  Block: Buckler           |    30 |    38 |    71 ||   139

Table legend: (Time is in decaauts)
 A = Elapsed time spent in this place.
 B = Non-inter-level travel time spent in this place.
 C = Inter-level travel time spent in this place.
 D = Time resting spent in this place.
 E = Time spent auto-exploring this place.
 F = Levels seen in this place.
 G = Mean time per level.
                   A        B        C        D        E       F      G
               +--------+--------+--------+--------+--------+-----+--------+
         Total |   5366 |   5195 |    171 |      0 |   3945 |   7 |  766.6 |
       Dungeon |   5366 |   5195 |    171 |      0 |   3945 |   7 |  766.6 |
               +--------+--------+--------+--------+--------+-----+--------+

Top non-repeatable levels by time:
     D:5: 1210 daAuts
     D:4: 959 daAuts
     D:1: 821 daAuts
     D:2: 791 daAuts
     D:6: 610 daAuts
     D:3: 586 daAuts
     D:7: 386 daAuts
